 Dungeon Crawl Stone Soup version 0.27.1-37-g7b29ead8ac (console) character file.

Game seed: 17921911528608291215

4 grimtooth the Sneak (level 1, -3/10 HPs)
             Began as a Kobold Enchanter on Mar 27, 2023.
             Slain by a quokka (5 damage)
             ... on level 1 of the Dungeon.
             The game lasted 00:03:44 (249 turns).

grimtooth the Sneak (Kobold Enchanter)               Turns: 249, Time: 00:03:45

Health: -3/10      AC:  2    Str:  5    XL:     1   Next: 66%
Magic:  2/3        EV: 15    Int: 16    God:
Gold:   2          SH:  0    Dex: 15    Spells: 3/4 levels left

rFire    . . .     SeeInvis .   a - +1 dagger
rCold    . . .     Faith    .   (shield restricted)
rNeg     . . .     Spirit   .   b - +0 robe
rPois    .         Reflect  .   (no helmet)
rElec    .         Harm     .   (no cloak)
rCorr    .         Rampage  .   (no gloves)
Will     .....                  (no boots)
Stlth    ++++......             (no amulet)
HPRegen  0.03/turn              (no ring)
MPRegen  0.08/turn              (no ring)

@: no status effects
A: small, no large weapons, nightstalker 3
a: no special abilities


You were on level 1 of the Dungeon.
You visited 1 branch of the dungeon, and saw 1 of its levels.

You collected 2 gold pieces.

Inventory:

Hand Weapons
 a - a +1 dagger (weapon)
Missiles
 d - 24 stones
Armour
 b - a +0 robe (worn)
Potions
 c - a potion of lignification {unknown}


   Skills:
 - Level 1.3 Short Blades
 - Level 2.4 Dodging
 + Level 4.1 Stealth
 - Level 2.1 Spellcasting
 * Level 3.2 Hexes


You had 3 spell levels left.
You knew the following spells:

 Your Spells              Type           Power      Damage    Failure   Level
a - Corona                Hex            13%        N/A       5%          1

Your spell library contained the following spells:

 Spells                   Type           Power      Damage    Failure   Level
 Ensorcelled Hibernation  Hex/Ice        12%        N/A       16%         2
 Confusing Touch          Hex            12%        N/A       16%         3
 Tukima's Dance           Hex            12%        N/A       16%         3
 Sandblast                Erth           2%         2d4       21%         1
 Passwall                 Tmut/Erth      0%         N/A       30%         2
 Dazzling Flash           Conj/Hex       12%        N/A       32%         3
 Lee's Rapid Deconstruct  Erth           0%         3d5*      99%         5


Dungeon Overview and Level Annotations

Branches:
Dungeon (1/15)

Altars:

Annotations:
D:1 exclusion: jackal


Innate Abilities, Weirdness & Mutations

You are small and have problems with some larger weapons.
You are completely attuned to the shadows.


Message History

d - 24 stones (gained 19)
There is an open door here.
A quokka comes into view.
The quokka barely misses you. The quokka bites you.
Casting: Corona (safe; 5% risk of failure)
Confirm with . or Enter, or press ? or * to list all spells.
Aiming: Corona (safe; 5% risk of failure)
Press: ? - help, Shift-Dir - straight line, f - quokka
Aim: a quokka (chance to affect: 66%)
The quokka is outlined in light.
The quokka barely misses you.
You hit the quokka.
The quokka is moderately wounded.
The quokka misses you.
You hit the quokka.
The quokka is heavily wounded.
The quokka twitches its whiskers.
The quokka closely misses you. x2
You closely miss the quokka.
The quokka is heavily wounded.
The quokka bites you.
Ouch! That really hurt!
* * * LOW HITPOINT WARNING * * *
You closely miss the quokka.
The quokka is heavily wounded.
The quokka bites you.
* * * LOW HITPOINT WARNING * * *
You completely miss the quokka.
The quokka is heavily wounded.
The quokka completely misses you.
You hit the quokka but do no damage.
The quokka is heavily wounded.
The quokka stops glowing.
The quokka barely misses you.
Okay, then.
Enter note: - this is just frustrating You hit the quokka but do no damage.
The quokka is heavily wounded.
The quokka bites you.
Ouch! That really hurt!
You die...

..#. .... .....#....
#........# ..§. ....
#........#
#≈≈###≈≈###.....@..#
....#....#......r..#
....≈....≈.........#
....≈.⌠<.≈.........#
....≈....≈..########
....#....#.......
....##≈≈#'.######
#####......##########
##..................#
........###########.# #
##......###########.##.#


You could see a quokka.

Vanquished Creatures
  A bat (D:1)
  A hobgoblin (D:1)
  A frilled lizard (D:1)
  A kobold (D:1)
4 creatures vanquished.

Notes
Turn   | Place    | Note
-------+----------+-------------------------------------------
     0 | D:1      | grimtooth the Kobold Enchanter began the quest for the Orb.
     0 | D:1      | Reached XP level 1. HP: 10/10 MP: 3/3
   249 | D:1      | - this is just frustrating
   249 | D:1      | Slain by a quokka

Illustrated notes

..#. .... .....#....
#........# ..§. ....
#........#
#≈≈###≈≈###.....@..#
....#....#......r..#
....≈....≈.........#
....≈.⌠<.≈.........#
....≈....≈..########
....#....#.......
....##≈≈#'.######
#####......##########
##..................#
........###########.# #
##......###########.##.#


Turn 249 on D:1: - this is just frustrating

Levels and vault maps discovered:
D:1:      dpeg_arrival_rooms_with_view, layout_basic

Action                   || total
-------------------------++-------
Melee: Dagger            ||    15
 Cast: Corona            ||     2
 Stab: Sleeping          ||     3
Armor: Robe              ||     3
Dodge: Dodged            ||    18
